 Dungeon Crawl Stone Soup version 0.27.0-1-g7a089689b8 (webtiles) character file.

Game seed: 4494712782906208656

9 raph the Conjurer (level 2, -1/15 HPs)
             Began as a Deep Elf Conjurer on Aug 6, 2021.
             Slain by a gnoll (7 damage)
             ... on level 1 of the Dungeon.
             The game lasted 00:00:36 (91 turns).

raph the Conjurer (Deep Elf Conjurer)                 Turns: 91, Time: 00:00:36

Health: -1/15      AC:  2    Str:  4    XL:     2   Next: 6%
Magic:  2/8        EV: 12    Int: 22    God:
Gold:   0          SH:  0    Dex: 13    Spells: 6/7 levels left

rFire    . . .     SeeInvis .   (no weapon)
rCold    . . .     Faith    .   (no shield)
rNeg     . . .     Spirit   .   a - +0 robe
rPois    .         Reflect  .   (no helmet)
rElec    .         Harm     .   (no cloak)
rCorr    .         Rampage  .   (no gloves)
Will     .....                  (no boots)
Stlth    ++........             (no amulet)
HPRegen  0.05/turn              (no ring)
MPRegen  0.11/turn              (no ring)

@: no status effects
A: no striking features
a: no special abilities


You were on level 1 of the Dungeon.
You visited 1 branch of the dungeon, and saw 2 of its levels.

Inventory:

Hand Weapons
 b - a +0 dagger
Armour
 a - a +0 robe (worn)


   Skills:
 - Level 2.4 Dodging
 - Level 2.4 Stealth
 - Level 3.0 Spellcasting
 + Level 4.9 Conjurations


You had 6 spell levels left.
You knew the following spells:

 Your Spells              Type           Power      Damage    Failure   Level
a - Magic Dart            Conj           100%       1d8       1%          1

Your spell library contained the following spells:

 Spells                   Type           Power      Damage    Failure   Level
 Searing Ray              Conj           50%        3d5       2%          2
 Dazzling Flash           Conj/Hex       28%        N/A       14%         3
 Fulminant Prism          Conj/Hex       7%         3d7       41%         4
 Iskenderun's Mystic Bla  Conj/Tloc      14%        2d5       41%         4


Dungeon Overview and Level Annotations

Branches:
Dungeon (2/15)

Altars:


Message History

Aim: a hobgoblin, wielding a +0 dagger (100% to hit)
The magic dart hits the hobgoblin.
The hobgoblin is severely wounded.
Aiming: Magic Dart (safe; 1% risk of failure)
Press: ? - help, Q - select action Shift-Dir - straight line, f/p - hobgoblin
Aim: a hobgoblin, wielding a +0 dagger (severely wounded, 100% to hit)
The magic dart hits the hobgoblin.
You kill the hobgoblin!
You have reached level 2!
You start resting.
A bat comes into view.
A gnoll comes into view. It is wielding a +0 club.
A frilled lizard comes into view.
The gnoll shouts!
The frilled lizard hisses angrily.
You see here a +0 dagger.
b - a +0 dagger
There is an escape hatch in the floor here.
Aiming: Magic Dart (safe; 1% risk of failure)
Press: ? - help, Q - select action Shift-Dir - straight line, f - frilled lizard
Aim: a frilled lizard (100% to hit)
The magic dart hits the frilled lizard.
You kill the frilled lizard!
The gnoll closely misses you.
You slide downwards.
The hatch slams shut behind you.
A rat comes into view.
Found 6 gold pieces.
The gnoll misses you. The gnoll closely misses you.
Found a stone staircase leading up.
Found a leather armour.
A frilled lizard comes into view.
The frilled lizard hisses angrily.
There is a stone staircase leading up here.
The frilled lizard bites you. The gnoll hits you with a +0 club!
Ouch! That really hurt!
You climb upwards.
A quokka comes into view.
There is a stone staircase leading down here.
The gnoll hits you with a +0 club!
You die...

.............#
.............######
.............#<>†b# ##
.............####.###...
..............###.†.....
...r.........†..†....^#.
..................#...#
.......@g...............
#..[..#.l...............
###.# ####..............
# ...†..........
..........)...
.............. .. #


You could see a gnoll, a quokka and a frilled lizard.

Vanquished Creatures
  A hobgoblin (D:1)
  4 jackals (D:1)
  A kobold (D:1)
  A bat (D:1)
  A frilled lizard (D:1)
8 creatures vanquished.

Notes
Turn   | Place    | Note
-------+----------+-------------------------------------------
     0 | D:1      | raph the Deep Elf Conjurer began the quest for the Orb.
     0 | D:1      | Reached XP level 1. HP: 10/10 MP: 6/6
    63 | D:1      | Reached XP level 2. HP: 15/15 MP: 0/8
    91 | D:1      | Slain by a gnoll

Illustrated notes

Levels and vault maps discovered:
D:1:      dpeg_arrival_tiny_k, layout_rooms,
          hellmonk_ecumenical_altar_defaced_shrine
D:2:      layout_basic, basic_altar, lexackson_kobold_supper

Action                   || total
-------------------------++-------
 Cast: Magic Dart        ||    12
Dodge: Dodged            ||     5
